 Dungeon Crawl Stone Soup version 0.17-a0-1910-g4c791fa (webtiles) character file.

18253 Ordine the Tortoise (level 12, -2/90 HPs)
             Began as a Minotaur Berserker on Sept 25, 2015.
             Was a High Priest of Trog.
             Shot with a poisoned arrow by Nessos (19 damage)
             ... on level 5 of the Lair of Beasts on Sept 26, 2015.
             The game lasted 01:33:08 (12644 turns).

Ordine the Tortoise (Minotaur Berserker)           Turns: 12644, Time: 01:33:08

Health: -2/90      AC: 25    Str: 22    XL:     12   Next: 26%
Magic:  21/21      EV:  8    Int:  9    God:    Trog [*****.]
Gold:   662        SH: 13    Dex: 20    Spells: 0 memorised, 11 levels left

rFire  . . .     SeeInvis +     A - +0 morningstar (venom)
rCold  . . .     Clarity  .     v - +0 plate armour
rNeg   . . .     SustAt   .     o - +0 shield
rPois  .         Gourm    .     s - +3 hat of Pondering {ponderous, MR+ MP+10 Int+5}
rElec  .         Spirit   .     f - +0 cloak
rCorr  .         Warding  .     m - +0 pair of gloves
rMut   .         Stasis   .     r - +0 pair of boots
MR     +++..                    (no amulet)
Stlth  ..........               w - ring of see invisible
                                q - +5 ring of dexterity

@: lethally poisoned (-2 -> -6), exhausted, regenerating, slowed, very slow,
extremely resistant to hostile enchantments, extremely unstealthy
A: retaliatory headbutt, horns 2, wild magic 1
a: Burn Spellbooks, Berserk, Trog's Hand, Brothers in Arms, Renounce Religion


You were on level 5 of the Lair of Beasts.
You worshipped Trog.
Trog was extremely pleased with you.
You were very hungry.

You visited 2 branches of the dungeon, and saw 14 of its levels.
You also visited: Volcano.

You collected 802 gold pieces.
You spent 140 gold pieces at shops.

Inventory:

Hand weapons
 i - a +3 dire flail of holy wrath
 t - a +2 antimagic great mace
 A - a +0 morningstar of venom (weapon)
Armour
 f - a +0 cloak (worn)
 m - a +0 pair of gloves (worn)
 o - a +0 shield (worn)
 r - a +0 pair of boots (worn)
 s - the +3 hat of Pondering (worn) {ponderous, MR+ MP+10 Int+5}
   (You found it on level 4 of the Lair of Beasts)

   It affects your intelligence (+5).
   It affects your resistance to hostile enchantments.
   It affects your magic capacity (+10).
 v - a +0 plate armour (worn)
Jewellery
 e - an uncursed ring of protection from fire
 q - a +5 ring of dexterity (left hand)
 w - a ring of see invisible (right hand)
Scrolls
 d - 3 scrolls of remove curse
 g - 6 scrolls of teleportation
 k - 3 scrolls of enchant weapon
 p - 3 scrolls of identify
 y - a scroll of fear
Potions
 a - a potion of brilliance
 l - a potion of resistance
 n - a potion of flight
 z - a potion of might
Comestibles
 b - 5 meat rations
 c - 10 bread rations
 h - 8 slices of pizza
 u - 6 fruits


   Skills:
 - Level 3.6 Fighting
 - Level 13.4 Maces & Flails
 - Level 16.0 Armour
 - Level 2.1 Dodging
 + Level 11.2 Shields


You had 11 spell levels left.
You didn't know any spells.

Dungeon Overview and Level Annotations

Branches:
Dungeon (9/15)             Temple (0/1) D:5            Lair (5/8) D:9
 Shoals (0/4) Lair:4
  Snake: Lair:3-6    Spider: Lair:3-6       Orc: D:9-12

Altars:
Dithmenos
Fedhas
Gozag
Makhleb
Nemelex Xobeh
Okawaru
Qazlal
Ru
Trog
Vehumet
Xom
Yredelemnul

Shops:
D:5 %

Annotations:
Lair:5 Nessos


Innate Abilities, Weirdness & Mutations

You reflexively headbutt those who attack you in melee.
You have a pair of horns on your head.
Your spells are a little harder to cast, but a little more powerful.


Message History

Your troll bites the spiny frog!
Your troll completely misses the spiny frog.
Your troll claws the spiny frog!
The steam dragon breathes steam at you. You block the ball of steam.
You barely miss the steam dragon.
You are engulfed in a cloud of scalding steam.
You feel very sick.
Nessos shoots a poisoned arrow.
You block the poisoned arrow.
Your troll bites the spiny frog!
The spiny frog dies!
Trog accepts your kill.
Nessos shoots a poisoned arrow.
The poisoned arrow barely misses you.
The steam dragon bites you but does no damage.
The steam dragon claws you but does no damage.
Unknown command.
You barely miss the steam dragon.
You feel very sick.
Nessos blinks!
Nessos shoots a poisoned arrow.
The poisoned arrow hits you!!
You die...

.................
...................
.§.................
...................
...................
...................
...................
.........(.<.......
.c.....@D().......P
#......T(.........#
........((.......##
.........†........#
..................#
..................#
...................
.................
................


You could see Nessos, a steam dragon and a friendly troll (berserk).

Vanquished Creatures
  The ghost of max the Severer, a powerful MiBe of Trog (Lair:4)
  A hydra (Lair:1)
  Fannar (Lair:2)
  Harold (Lair:2)
  A griffon (Lair:2)
  A siren (Lair:4)
  A black mamba (Lair:4)
  The ghost of LordVetinari the Destroyer, an experienced DEWz (D:6)
  2 komodo dragons
  8 spiny frogs
  3 merfolk (Lair:4)
  Grinder (D:4)
  3 blink frogs (Lair:4)
  A two-headed ogre (D:8)
  3 basilisks
  A wyvern (D:5)
  2 hippogriffs
  6 wolves (Lair:3)
  11 yaks
  5 water moccasins
  7 porcupines
  2 orc warriors (D:9)
  An ice beast (D:5)
  A black bear (D:7)
  3 ogres
  A sky beast (D:7)
  2 centaurs
  6 crocodiles
  2 big kobolds (D:8)
  A wyvern skeleton (D:4)
  7 giant frogs
  A scorpion (D:8)
  3 gnoll sergeants
  A water moccasin skeleton (D:6)
  4 killer bees (D:9)
  3 wights (D:8)
  4 hounds
  An electric eel (Lair:1)
  4 crimson imps
  11 iguanas
  6 orc priests
  A giant frog zombie (D:6)
  4 orc wizards
  A gnoll shaman (D:5)
  7 worker ants
  14 sheep
  A hound zombie (D:8)
  A hound skeleton (D:4)
  20 gnolls
  15 adders
  57 river rats
  2 shadow imps
  2 oozes
  2 adder zombies
  2 worms
  2 adder skeletons
  2 giant geckos
  28 orcs
  7 giant cockroaches
  17 hobgoblins
  11 jackals
  4 quokkas
  3 bats
  A giant gecko skeleton (D:8)
  2 giant newts (D:1)
  15 goblins
  17 kobolds
  5 rats
  A fungus (Lair:1)
  3 plants (D:9)
372 creatures vanquished.

Vanquished Creatures (collateral kills)
  A spiny frog (Lair:5)
1 creature vanquished.

Vanquished Creatures (others)
  A fungus (Lair:1)
  5 plants
6 creatures vanquished.

Grand Total: 379 creatures vanquished

Notes
Turn   | Place    | Note
--------------------------------------------------------------
     0 | D:1      | Ordine the Minotaur Berserker began the quest for the Orb.
     0 | D:1      | Reached XP level 1. HP: 19/19 MP: 0/0
    44 | D:1      | Reached skill level 4 in Maces & Flails
   311 | D:1      | Reached XP level 2. HP: 21/26 MP: 1/1
   476 | D:1      | Acquired Trog's second power
   581 | D:1      | Reached skill level 5 in Maces & Flails
   802 | D:1      | Reached XP level 3. HP: 28/31 MP: 2/2
  1114 | D:2      | Gained mutation: You passively map a small area around you. [potion of mutation]
  1114 | D:2      | Gained mutation: Your flesh is heat resistant. [potion of mutation]
  1114 | D:2      | Gained mutation: You expend magic power (3 MP) to strengthen your wands. [potion of mutation]
  1435 | D:2      | Reached XP level 4. HP: 32/39 MP: 3/3
  1454 | D:2      | Reached skill level 6 in Maces & Flails
  1822 | D:3      | Found a shadowy altar of Dithmenos.
  2427 | D:4      | Reached XP level 5. HP: 45/45 MP: 4/4
  2437 | D:4      | Reached skill level 7 in Maces & Flails
  2473 | D:4      | Found an iron altar of Okawaru.
  2543 | D:4      | Noticed Grinder
  2546 | D:4      | Paralysed by Grinder for 4 turns
  2555 | D:4      | Paralysed by Grinder for 3 turns
  2564 | D:4      | Killed Grinder
  2564 | D:4      | Reached skill level 9 in Maces & Flails
  2564 | D:4      | Reached XP level 6. HP: 51/51 MP: 5/5
  2901 | D:4      | Found a shimmering altar of Xom.
  2903 | D:4      | Found a shimmering altar of Xom.
  2903 | D:4      | Found a shimmering altar of Xom.
  2903 | D:4      | Found a shimmering altar of Xom.
  2903 | D:4      | Found a shimmering altar of Xom.
  2905 | D:4      | Found a shimmering altar of Xom.
  2940 | D:4      | Reached XP level 7. HP: 55/57 MP: 6/6
  3007 | D:4      | Acquired Trog's third power
  3241 | D:5      | Entered Level 5 of the Dungeon
  3312 | D:5      | Reached skill level 10 in Maces & Flails
  3385 | D:5      | Reached skill level 11 in Maces & Flails
  3530 | D:5      | Found Iphuodd's Food Boutique.
  3552 | D:5      | Noticed a wyvern
  3561 | D:5      | Killed a wyvern
  3561 | D:5      | Reached XP level 8. HP: 64/64 MP: 7/7
  3639 | D:5      | Bought a bread ration for 70 gold pieces
  3639 | D:5      | Bought a bread ration for 70 gold pieces
  3777 | D:5      | Reached skill level 12 in Maces & Flails
  4079 | D:5      | Found a staircase to the Ecumenical Temple.
  4334 | D:6      | Reached skill level 5 in Armour
  4503 | D:6      | Found a sparkling altar of Nemelex Xobeh.
  4520 | D:6      | Noticed LordVetinari's ghost (experienced DEWz)
  4532 | D:6      | Killed LordVetinari's ghost
  5440 | D:7      | Reached XP level 9. HP: 70/70 MP: 8/8
  5671 | D:7      | Found a burning altar of Makhleb.
  5672 | D:7      | Found a radiant altar of Vehumet.
  5793 | D:7      | Received a gift from Trog
  6319 | D:8      | Reached skill level 10 in Armour
  6543 | D:8      | Found a blossoming altar of Fedhas.
  6733 | D:8      | Found an opulent altar of Gozag.
  6976 | D:9      | Found a stormy altar of Qazlal.
  7489 | D:9      | Found a sacrificial altar of Ru.
  7492 | D:9      | Found a shadowy altar of Dithmenos.
  7495 | D:9      | Found a bloodstained altar of Trog.
  7504 | D:9      | Found a basalt altar of Yredelemnul.
  7623 | D:9      | Reached XP level 10. HP: 44/77 MP: 9/9
  7717 | D:9      | Lost mutation: You expend magic power (3 MP) to strengthen your wands. [potion of cure mutation]
  7717 | D:9      | Lost mutation: Your flesh is heat resistant. [potion of cure mutation]
  7717 | D:9      | Lost mutation: You passively map a small area around you. [potion of cure mutation]
  7740 | D:9      | Found a blossoming altar of Fedhas.
  7769 | D:9      | Gained mutation: Your spells are a little harder to cast, but a little more powerful. [potion of beneficial mutation]
  7837 | D:9      | Found a staircase to the Lair.
  7838 | D:9      | Noticed a komodo dragon
  8039 | Lair:1   | Entered Level 1 of the Lair of Beasts
  8081 | Lair:1   | Received a gift from Trog
  8180 | Lair:1   | Reached skill level 13 in Armour
  8306 | Lair:1   | Received a gift from Trog
  8746 | Lair:1   | Reached skill level 14 in Armour
  8848 | Lair:1   | Noticed a four-headed hydra
  8883 | Lair:1   | Killed a four-headed hydra
  8889 | Lair:1   | Reached skill level 15 in Armour
  9175 | Lair:1   | You fall through a shaft!
  9231 | Lair:2   | Noticed Harold
  9247 | Lair:2   | Killed Harold
  9247 | Lair:2   | Reached XP level 11. HP: 67/82 MP: 10/10
  9342 | Lair:2   | Reached skill level 16 in Armour
  9583 | Lair:2   | Noticed Fannar
  9615 | Lair:2   | Killed Fannar
  9940 | Lair:2   | Received a gift from Trog
 10297 | Lair:3   | Reached skill level 1 in Shields
 10830 | Lair:3   | Reached skill level 5 in Shields
 10881 | Lair:3   | Found a dark tunnel.
 10891 | Volcano  | Entered a volcano
 11264 | Lair:4   | Found a staircase to the Shoals.
 11494 | Lair:4   | Received a gift from Trog
 11683 | Lair:4   | Reached XP level 12. HP: 31/90 MP: 11/11
 12078 | Lair:4   | Noticed max's ghost (powerful MiBe)
 12112 | Lair:4   | Killed max's ghost
 12112 | Lair:4   | Reached skill level 10 in Shields
 12625 | Lair:5   | Noticed Nessos
 12644 | Lair:5   | Shot with a poisoned arrow by Nessos

Vault maps used:
D:1:      dpeg_arrival_morbid_curiosity
D:2:      kennysheep_big_empty_room, roderic_serpentine_path
D:3:      first_bread, hex_tiny, nicolae_dithmenos_shadow_blocks
D:4:      okawaru_altar_gauntlet_db, serial_bayou_pond_e, xom_redecorated,
          uniq_grinder
D:5:      minmay_temple_entry_fiery, serial_shops, nicolae_shop_statue_plus
D:6:      nemelex_xobeh_ov_fountains_minmay
D:7:      grunt_temple_overflow_lords_of_destruction
D:8:      kennysheep_mini_moat, st_stairs_2, hangedman_tree_tricks
D:9:      lemuel_round_altar, nicolae_overflow_crystal_walls,
          grunt_temple_overflow_cloverleaf, david_lair_shrubbed
Lair:1:   minmay_lair_venomous_thicket, minmay_stone_trees_small,
          serial_bayou_shore_a
Lair:2:   minmay_hedge_maze, columned_hall_lemuel, beast_lair_carwin_1,
          uniq_fannar, uniq_harold
Lair:3:   enter_volcano_1, beast_lair_carwin_11
Lair:4:   elwin_shoals_entry_stream, serial_bayou_pond_a, grunt_megastairs_4
Lair:5:   special_room, st_stairs_5, uniq_nessos
Volcano:  volcano_village

Action                   |  1- 3 |  4- 6 |  7- 9 | 10-12 || total
-------------------------+-------+-------+-------+-------++-------
Melee: Mace              |    94 |    89 |   375 |   136 ||   694
       Dire flail        |       |       |       |   413 ||   413
       Morningstar       |       |       |       |   118 ||   118
Invok: Berserk           |       |     2 |     9 |     6 ||    17
       Burn Spellbooks   |       |       |     2 |     2 ||     4
       Trog's Hand       |       |       |       |     1 ||     1
       Brothers in Arms  |       |       |       |     1 ||     1
  Use: Scroll            |     7 |     2 |    12 |     4 ||    25
       Potion            |     3 |     1 |     7 |     6 ||    17
  Eat: Chunk             |     2 |     6 |    10 |    13 ||    31
       Meat ration       |       |     1 |       |       ||     1
       Beef jerky        |       |       |     2 |       ||     2
       Royal jelly       |       |       |     1 |       ||     1
       Fruit             |       |       |     5 |    11 ||    16
